 Dungeon Crawl Stone Soup version 0.26-a0-1038-gfb849e850a (webtiles) character file.

Game seed: 5778653060051598022

6 KristoblXynda the Ducker (level 1, -8/16 HPs)
             Began as a Spriggan Berserker on Dec 11, 2020.
             Was a Follower of Trog.
             Mangled by a gnoll
             ... wielding a +0 whip
              (9 damage)
             ... on level 2 of the Dungeon.
             The game lasted 00:00:34 (111 turns).

KristoblXynda the Ducker (Spriggan Berserker)        Turns: 111, Time: 00:00:35

Health: -8/16      AC:  2    Str: 13    XL:     1   Next: 75%
Magic:  2/2        EV: 19    Int:  8    God:    Trog [*.....]
Gold:   10         SH:  0    Dex: 15    Spells: 0/0 levels left

rFire    . . .     SeeInvis +   a - +0 short sword
rCold    . . .     Faith    .   (shield restricted)
rNeg     . . .     Spirit   .   b - +0 animal skin
rPois    .         Reflect  .   (helmet restricted)
rElec    .         Harm     .   (no cloak)
rCorr    .         Rampage  .   (gloves unavailable)
Will     .....                  (boots unavailable)
Stlth    ..........             (no amulet)
HPRegen  0.05/turn              (no ring)
MPRegen  0.08/turn              (no ring)

@: berserking, very quick
A: very small, unfitting armour, see invisible, speed 3
a: Berserk, Renounce Religion


You were on level 2 of the Dungeon.
You worshipped Trog.
Trog was aware of your devotion.
You visited 1 branch of the dungeon, and saw 2 of its levels.

You collected 10 gold pieces.

Inventory:

Hand Weapons
 a - a +0 short sword (weapon)
Armour
 b - a +0 animal skin (worn)


   Skills:
 + Level 2.5 Fighting
 + Level 3.4 Short Blades
 + Level 4.5 Dodging
 + Level 1.0 Stealth


You couldn't memorise any spells.
You didn't know any spells.
Your spell library was empty.

Dungeon Overview and Level Annotations

Branches:
Dungeon (1/15)

Altars:


Innate Abilities, Weirdness & Mutations

You are very small and have problems with some larger weapons.
You are too small for most types of armour.
You have supernaturally acute eyesight. (SInv)
You cover ground extremely quickly.


Message History

You hit the gnoll.
The gnoll is severely wounded.
The gnoll closely misses you. The gnoll hits you with a +0 whip.
A red film seems to cover your vision as you go berserk!
You feel yourself moving faster!
You feel mighty!
You feel a strong urge to attack something.
You see here 17 gold pieces.
You puncture the gnoll!
The gnoll is almost dead.
The gnoll hits you with a +0 halberd!
Ouch! That really hurt!
* * * LOW HITPOINT WARNING * * *
A gnoll comes into view. It is wielding a +0 spear.
The gnoll shouts!
You hit the gnoll.
You kill the gnoll!
Trog accepts your kill. The gnoll hits you with a +0 whip!
Ouch! That really hurt!
You die...

#. #.# #.. #.# ..# #.#
.... ### .. #.####+##
....####.. #. #.......#
#.......# #.###.......#
#.......# #..##.......#
#......(#####K)@.......#
#............g##g......#
#.............##.......#
##......g†......†...#
#........##.#.......#
#....#..(...##...##+####
###..(......###....
...........# #..###
####........# #..#


You could see 3 gnolls and a kobold.

Vanquished Creatures
  A gnoll (D:2)
  3 jackals (D:1)
  2 bats (D:2)
  A rat (D:2)
7 creatures vanquished.

Notes
Turn   | Place    | Note
-------+----------+-------------------------------------------
     0 | D:1      | KristoblXynda the Spriggan Berserker began the quest for
                  | the Orb.
     0 | D:1      | Reached XP level 1. HP: 11/11 MP: 2/2
    57 | D:1      | You fall into a shaft and drop 1 floor!
    68 | D:2      | Reached skill level 1 in Stealth
   111 | D:2      | Mangled by a gnoll

Illustrated notes

Levels and vault maps discovered:
D:1:      giann_bridges, layout_loops_ring
D:2:      layout_basic, overflow_temple_1_default,
          grunt_temple_overflow_cloverleaf

Skill      XL: |  1 |
---------------+----+-----
Stealth        | 1 |  1.0
Fighting       | |  2.5
Short Blades   | |  3.4
Dodging        | |  4.5

Action                   || total
-------------------------++-------
Melee: Short sword       ||    20
Invok: Berserk           ||     2
 Stab: Sleeping          ||     1
Armor: Animal skin       ||     5
Dodge: Dodged            ||    33

Table legend: (Time is in decaauts)
 A = Elapsed time spent in this place.
 B = Non-inter-level travel time spent in this place.
 C = Inter-level travel time spent in this place.
 D = Time resting spent in this place.
 E = Time spent auto-exploring this place.
 F = Levels seen in this place.
 G = Mean time per level.
                   A        B        C        D        E       F      G
               +--------+--------+--------+--------+--------+-----+--------+
         Total |     95 |     95 |      0 |     45 |      1 |   2 |   47.5 |
       Dungeon |     95 |     95 |      0 |     45 |      1 |   2 |   47.5 |
               +--------+--------+--------+--------+--------+-----+--------+

Top non-repeatable levels by time:
     D:1: 59 daAuts
     D:2: 36 daAuts
